 Dungeon Crawl Stone Soup version 0.27-a0-79-gcaaa221d37 (webtiles) character file.

Game seed: 9541486209064031080

13847 Pooter the Cleaver (level 12, -4/75 HPs)
             Began as a Gargoyle Monk on Jan 14, 2021.
             Was a High Priest of Ashenzari.
             Slain by an ice devil (25 damage)
             ... on level 2 of the Lair of Beasts on Jan 15, 2021.
             The game lasted 02:06:55 (15828 turns).

Pooter the Cleaver (Gargoyle Monk)                 Turns: 15828, Time: 02:06:55

Health: -4/75      AC: 15    Str: 18    XL:     12   Next: 10%
Magic:  21/21      EV: 12    Int: 13    God:    Ashenzari [*****.]
Gold:   500        SH:  5    Dex: 12    Spells: 10/11 levels left

rFire    + . .     SeeInvis +   E - +4 battleaxe (flame)
rCold    . . .     Faith    .   (shield currently unavailable)
rNeg     + . .     Spirit   .   v - +1 ring mail (curse)
rPois    ∞         Reflect  +   N - +0 helmet
rElec    +         Harm     +   g - scarf {harm}
rCorr    .         Rampage  .   (no gloves)
Will     .....     Clarity  +   (no boots)
Stlth    ++........             P - amulet of reflection (curse)
HPRegen  0.22/turn              o - ring of magical power
MPRegen  0.17/turn              F - ring of protection from fire

@: no status effects
A: negative energy resistance 1, electricity resistance, unbreathing,
petrification resistance, miasma immunity, AC +8
a: Renounce Religion, Curse Item, Scrying, Transfer Knowledge


You were on level 2 of the Lair of Beasts.
You worshipped Ashenzari.
Ashenzari was extremely pleased with you.
You visited 2 branches of the dungeon, and saw 12 of its levels.

You collected 787 gold pieces.
You spent 287 gold pieces at shops.

Inventory:

Hand Weapons
 a - a +0 broad axe
   (You found it on level 2 of the Lair of Beasts)
 y - a +0 trident
   (You took it off an orc on level 5 of the Dungeon)
 E - a +4 battleaxe of flaming (weapon)
   (You bought it in a shop on level 5 of the Dungeon)
 V - a +4 vampiric battleaxe
   (You took it off Harold on level 1 of the Lair of Beasts)
Missiles
 w - 11 boomerangs (quivered)
 I - 54 poisoned darts
 Q - 260 stones
 U - 2 throwing nets {!f}
Armour
 d - a +0 robe
 g - a scarf of harm (worn)
   (You found it on level 1 of the Dungeon)
 n - a +0 leather armour
   (You found it on level 1 of the Dungeon)
 r - a scarf of shadows
   (You found it on level 1 of the Dungeon)
 v - a cursed +1 ring mail (worn)
   (You found it on level 7 of the Dungeon)
 z - a +0 kite shield
   (You found it on level 3 of the Dungeon)
 C - a +0 buckler
   (You found it on level 3 of the Dungeon)
 H - a +1 chain mail
   (You took it off an orc on level 5 of the Dungeon)
 J - +0 acid dragon scales
   (You took it off Maggie on level 8 of the Dungeon)
 L - a +0 scale mail
   (You took it off Terence on level 2 of the Dungeon)
 N - a +0 helmet (worn)
   (You found it on level 8 of the Dungeon)
Jewellery
 o - a ring of magical power (left hand)
   (You found it on level 1 of the Dungeon)
 F - a ring of protection from fire (right hand)
   (You found it on level 8 of the Dungeon)
 P - a cursed amulet of reflection (around neck)
   (You found it on level 9 of the Dungeon)
 T - an uncursed ring of ice
   (You found it on level 10 of the Dungeon)
 W - an uncursed ring of wizardry
   (You found it on level 3 of the Dungeon)
Wands
 f - a wand of flame (18)
   (You found it on level 10 of the Dungeon)
 x - a wand of acid (6)
   (You found it on level 8 of the Dungeon)
Scrolls
 j - 2 scrolls of fear
 m - 2 scrolls of immolation {!r}
 p - 3 scrolls of magic mapping
 t - 3 scrolls of teleportation {@r4}
 M - a scroll of vulnerability {!r}
 R - a scroll of noise {!r}
 S - a scroll of blinking {unknown}
Potions
 c - 4 potions of magic
 e - 7 potions of flight
 i - 2 potions of attraction {unknown}
 k - 4 potions of heal wounds {@q2}
 l - 3 potions of haste {unknown}
 q - 2 potions of cancellation
 s - a potion of mutation {!q}
 B - 2 potions of ambrosia {unknown}
 D - a potion of lignification {unknown}
 G - a potion of brilliance {unknown}
 K - a potion of degeneration {unknown}
 O - a potion of curing {@q1}


   Skills:
 + Level 8.4 Fighting
 * Level 13.5(13.7) Axes
 - Level 4.4(10.6) Maces & Flails
 - Level 2.9 Slings
 - Level 4.0 Dodging
 - Level 3.4 Stealth
 + Level 6.0 Evocations


You had 10 spell levels left.
You knew the following spells:

 Your Spells              Type           Power        Failure   Level
a - Freeze                Ice            0%           50%         1

Your spell library contained the following spells:

 Spells                   Type           Power        Failure   Level
 Sting                    Tmut/Pois      0%           50%         1
 Poisonous Vapours        Pois/Air       0%           63%         2
 Frozen Ramparts          Ice            0%           86%         3
 Ignite Poison            Fire/Tmut/Pois 0%           86%         3
 Mephitic Cloud           Conj/Pois/Air  0%           86%         3
 Ozocubu's Armour         Ice            0%           86%         3
 Hailstorm                Conj/Ice       0%           99%         4
 Olgreb's Toxic Radiance  Pois           0%           99%         4
 Summon Ice Beast         Ice/Summ       0%           99%         4


Dungeon Overview and Level Annotations

Branches:
Dungeon (10/15)            Temple (0/1) D:4            Lair (2/6) D:8
  Swamp: Lair:2-4    Shoals: Lair:2-4     Snake: Lair:2-4    Spider: Lair:2-4
    Orc: D:9-12

Altars:
Ashenzari
Cheibriados
Fedhas
Kikubaaqudgha
Nemelex Xobeh
Qazlal
Ru
Trog
Uskayaw
Xom
The Shining One

Shops:
D:5 (

Portals:
Ice
Cave: Lair:2

Annotations:
D:4 3 runed translucent doors, Tarl's ghost, amateur DsFi
D:6 Eustachio
D:9 1 runed translucent door, robertstho's ghost, journeyman KoHu
Lair:1 exclusion: oklob plant
Lair:2 1 runed translucent door, louisi3's ghost, journeyman BaFi


Innate Abilities, Weirdness & Mutations

You are resistant to torment.
Your stone body is resilient. (AC +8)
You are immune to poison.
You resist negative energy. (rN+)
You are resistant to electric shocks. (rElec)
You can survive without breathing.
You are immune to petrification.
You are immune to miasma.


Message History

E - a +4 battleaxe of flaming (weapon)
The seven-headed hydra roars!
Okay, then.
The seven-headed hydra bites you but does no damage.
The seven-headed hydra barely misses you.
The seven-headed hydra bites you.
The seven-headed hydra bites you but does no damage.
The seven-headed hydra bites you!
The seven-headed hydra barely misses you.
The seven-headed hydra bites you but does no damage.
You chop one of the seven-headed hydra's heads off!
The flame cauterises the wound!
You slash the six-headed hydra! You burn the six-headed hydra.
The six-headed hydra barely misses you. The six-headed hydra bites you.
You block the six-headed hydra's attack.
The six-headed hydra barely misses you.
You block the six-headed hydra's attack.
The six-headed hydra bites you but does no damage.
You hack one of the six-headed hydra's heads off!
The flame cauterises the wound!
You slash the five-headed hydra! You burn the five-headed hydra.
The five-headed hydra bites you but does no damage.
You block the five-headed hydra's attack.
The five-headed hydra bites you but does no damage. x3
You slice one of the five-headed hydra's heads off!
The flame cauterises the wound!
You slice the four-headed hydra!! You burn the four-headed hydra!
You kill the four-headed hydra!
Your Evocations skill increases to level 6!
You see here a hydra corpse.
You hear the steady crackling of a melting archway nearby.
You open the door.
Found 25 stones.
There is an open door here.
You open the door.
An ice devil comes into view.
Found a frozen archway.
There is an open door here.
The ice devil hits you but does no damage.
You slash the ice devil! You burn the ice devil.
An ice devil comes into view.
The ice devil hits you. The ice devil freezes you!
You slash the ice devil! You burn the ice devil!
You kill the ice devil!
The ice devil hits you. The ice devil freezes you!
* * * LOW HITPOINT WARNING * * *
You slash the ice devil! You burn the ice devil! The ice devil hits you.
* * * LOW HITPOINT WARNING * * *
The ice devil freezes you!!
You die...

##..#,, , , , , , ,* ### ,,,, ,>
** * , ,, , ,,,, ,* * , * ,,, ,
, ** # ** *** * .## ** #####*
*#..# #* #.... #######..## .##
#....##.+..#..+P#### +.##
#∩..4@..#..........# ...##
#....##.'..#.......#* ....##
#####.... ####.#........*
...#.###..###### ##........P*
...+..##..############.........*
.......'...†.........##.......#*
...#####...........#..'.......#
...P* #...........##.#.......#
...## ###+#..##.########+P.###


You could see an ice devil.

Vanquished Creatures
  Harold (Lair:1)
  A hydra (Lair:2)
  A two-headed ogre (D:10)
  An ugly thing (D:9)
  An elephant (D:8)
  A cane toad (Lair:2)
  An efreet (D:10)
  Maggie (D:8)
  2 komodo dragons (Lair:1)
  An ice devil (Lair:2)
  A meliai (D:10)
  3 trolls (D:10)
  9 blink frogs
  A meliai zombie (D:10)
  12 yaks
  5 water moccasins
  Duvessa (D:4)
  3 phantoms
  5 sky beasts
  5 black bears
  A necrophage (D:9)
  4 orc warriors
  5 ogres
  6 centaurs
  A big kobold (D:8)
  4 bullfrogs
  2 scorpions
  Dowan (D:4)
  3 killer bees (D:9)
  A howler monkey (D:7)
  A quasit (D:9)
  6 hounds
  2 bullfrog zombies
  A jelly (D:7)
  7 orc priests
  A centaur skeleton (D:5)
  Terence (D:2)
  An iguana (D:4)
  12 orc wizards
  5 worker ants
  A killer bee zombie (D:7)
  2 hound zombies
  A mummy (D:4)
  2 worker ant zombies
  4 gnolls (D:6)
  11 adders
  A white imp (D:7)
  3 ufetubi
  An ooze (D:1)
  An adder skeleton (D:5)
  2 worms
  A dart slug (D:2)
  3 leopard geckos
  37 orcs
  6 giant cockroaches
  7 hobgoblins
  11 jackals
  6 quokkas
  2 bats (D:2)
  A frilled lizard (D:4)
  9 goblins
  3 hobgoblin zombies (D:4)
  2 jackal skeletons (D:4)
  10 kobolds
  A kobold zombie (D:4)
  8 rats
257 creatures vanquished.

Vanquished Creatures (others)
  An adder (D:10)
  3 fungi
  2 plants
6 creatures vanquished.

Grand Total: 263 creatures vanquished

Notes
Turn   | Place    | Note
-------+----------+-------------------------------------------
     0 | D:1      | Pooter the Gargoyle Monk began the quest for the Orb.
     0 | D:1      | Reached XP level 1. HP: 14/14 MP: 1/1
   488 | D:1      | Found a broken altar of Ashenzari.
   511 | D:1      | Became a worshipper of Ashenzari the Shackled
   511 | D:1      | Reached * piety under Ashenzari
   511 | D:1      | Reached ** piety under Ashenzari
   535 | D:1      | Reached XP level 2. HP: 19/19 MP: 2/2
  1188 | D:1      | Reached XP level 3. HP: 19/23 MP: 3/3
  1621 | D:2      | Reached XP level 4. HP: 27/29 MP: 4/4
  1726 | D:2      | Noticed Terence
  1743 | D:2      | Killed Terence
  2432 | D:2      | Reached XP level 5. HP: 33/33 MP: 5/5
  2433 | D:2      | Found a stormy altar of Qazlal.
  3201 | D:3      | Reached skill level 1 in Slings
  3696 | D:3      | Reached skill level 1 in Axes
  3696 | D:3      | Reached XP level 6. HP: 38/38 MP: 6/6
  3974 | D:4      | Found a runed translucent gate.
  3974 | D:4      | Found a runed translucent gate.
  3975 | D:4      | Found a runed translucent gate.
  3978 | D:4      | Noticed Tarl's ghost (amateur DsFi)
  4031 | D:4      | Noticed Dowan
  4060 | D:4      | Killed Dowan
  4141 | D:4      | Reached skill level 2 in Axes
  5642 | D:4      | Noticed Duvessa
  5663 | D:4      | Killed Duvessa
  5664 | D:4      | Reached XP level 7. HP: 5/44 MP: 7/7
  6007 | D:4      | Found a sparkling altar of Nemelex Xobeh.
  6119 | D:4      | Found a staircase to the Ecumenical Temple.
  6801 | D:5      | Entered Level 5 of the Dungeon
  6838 | D:5      | Reached skill level 3 in Axes
  6870 | D:5      | Reached skill level 5 in Fighting
  6905 | D:5      | Found a snail-covered altar of Cheibriados.
  6937 | D:5      | Reached *** piety under Ashenzari
  7361 | D:5      | Reached XP level 8. HP: 34/49 MP: 8/8
  7675 | D:5      | Found Yroheoni's Hydra Hut.
  7676 | D:5      | Noticed a six-headed hydra
  7679 | D:5      | Bought a +3 battleaxe of flaming for 287 gold pieces
  7844 | D:6      | Reached skill level 4 in Axes
  7973 | D:6      | Reached skill level 5 in Axes
  8222 | D:6      | Reached skill level 6 in Axes
  8331 | D:6      | Noticed Eustachio
  8791 | D:6      | Reached skill level 7 in Axes
  9236 | D:6      | Reached XP level 9. HP: 54/54 MP: 9/9
  9558 | D:7      | Reached skill level 8 in Axes
  9604 | D:7      | Found a bloodstained altar of Trog.
  9650 | D:7      | Reached **** piety under Ashenzari
 10165 | D:8      | Noticed an elephant
 10178 | D:8      | Reached skill level 9 in Axes
 10197 | D:8      | Killed an elephant
 10426 | D:8      | Found a staircase to the Lair.
 10484 | D:8      | Noticed Maggie
 10495 | D:8      | Killed Maggie
 10496 | D:8      | Reached skill level 10 in Axes
 10614 | D:8      | Reached XP level 10. HP: 59/59 MP: 10/10
 10904 | D:8      | Found an ancient bone altar of Kikubaaqudgha.
 10910 | D:8      | Learned a level 1 spell: Freeze
 10917 | D:8      | Found a hide-covered altar of Uskayaw.
 11542 | D:9      | Reached skill level 11 in Axes
 11552 | D:9      | Reached skill level 1 in Evocations
 11750 | D:9      | Found a glowing golden altar of the Shining One.
 11797 | D:9      | Found a blossoming altar of Fedhas.
 12108 | D:9      | Found a runed translucent door.
 12111 | D:9      | Found a shimmering altar of Xom.
 12111 | D:9      | Noticed robertstho's ghost (journeyman KoHu)
 12111 | D:9      | Noticed a +3 trident of chaos
 12228 | D:9      | Found a sacrificial altar of Ru.
 12296 | D:9      | Reached ***** piety under Ashenzari
 12726 | D:10     | Entered Level 10 of the Dungeon
 13300 | D:9      | Reached skill level 12 in Axes
 13505 | D:10     | Noticed a two-headed ogre
 13529 | D:10     | Killed a two-headed ogre
 13530 | D:10     | Reached XP level 11. HP: 21/66 MP: 11/11
 14206 | D:10     | Noticed a cyan ugly thing
 14248 | D:9      | Killed a cyan ugly thing
 14580 | Lair:1   | Entered Level 1 of the Lair of Beasts
 14667 | Lair:1   | Reached skill level 5 in Evocations
 14805 | Lair:1   | Noticed Harold
 14830 | Lair:1   | Killed Harold
 14831 | Lair:1   | Reached skill level 13 in Axes
 15048 | Lair:1   | Identified the +1 leather armour of the Other World
                  | {*Contam Will+ SInv}
 15352 | Lair:1   | Noticed an oklob plant
 15523 | Lair:2   | Reached XP level 12. HP: 35/73 MP: 12/12
 15758 | Lair:2   | Found a runed translucent door.
 15758 | Lair:2   | Noticed louisi3's ghost (journeyman BaFi)
 15794 | Lair:2   | Noticed a seven-headed hydra
 15802 | Lair:2   | Killed a four-headed hydra
 15822 | Lair:2   | Found a frozen archway.
 15828 | Lair:2   | Slain by an ice devil

Illustrated notes

Levels and vault maps discovered:
D:1:      lightli_arrival_statue_moat, layout_loops_ring,
          nicolae_ashenzari_panopticon
D:2:      layout_rooms, nicolae_qazlal_eye_of_the_storm, uniq_terence
D:3:      layout_basic
D:4:      layout_cave_pools, nemelex_xobeh_ov_fountains_minmay,
          minmay_temple_entry_large_hall, gammafunk_ghost_necromancy,
          st_stairs_9, minmay_mini_ossuary, uniq_duvessa
D:5:      layout_layer_cave, nicolae_overflow_crystal_walls,
          kennysheep_pointless_box, minmay_stone_trees_small,
          doesnt_shop_hydraphobe
D:6:      layout_basic, nicolae_overflow_hidden_temple, uniq_eustachio
D:7:      layout_loops_cross, trog_ov_bears_minmay, minivault_26
D:8:      layout_loops_corners, amethyst_overflow_temple_binary,
          david_lair_generic, uniq_maggie
D:9:      layout_irregular_city, tso_oasis_becter, general_overflow_altar,
          ebering_ghost_xom, fedhas_ov_isle_minmay
D:10:     layout_cross, minmay_fractal_squares_gapless_7
Lair:1:   layout_cave_pods, lemuel_fruit_tree, minmay_lair_oklob_chamber,
          uniq_harold
Lair:2:   layout_roguey, spider_nest_entry_a, portal_ice_cave_demonic_guard,
          hellmonk_ghost_happy_afterlife, grunt_megastairs_1,
          serial_bayou_shore_b

Skill      XL: |  1  2  3  4  5  6  7  8  9 10 11 12 |
---------------+-------------------------------------+-----
Maces & Flails | 4 |  4.4
Stealth        | 3 |  3.4
Fighting       | 4 5 6 8 |  8.4
Dodging        | 3 4 |  4.0
Slings         | 1 2 |  2.9
Axes           | 1 2 3 7 10 12 13 | 13.5
Evocations     | 4 5 6 |  6.0

Action                   |  1- 3 |  4- 6 |  7- 9 | 10-12 || total
-------------------------+-------+-------+-------+-------++-------
Melee: Mace              |    97 |   156 |       |       ||   253
       War axe           |       |    61 |    90 |       ||   151
       Battleaxe         |       |       |   157 |   287 ||   444
 Fire: Hunting sling     |     3 |    87 |    30 |       ||   120
Throw: Stone             |     3 |     8 |       |       ||    11
       Boomerang         |       |     7 |    61 |   103 ||   171
       Dart              |       |       |     5 |     5 ||    10
Invok: Curse Item        |       |       |     1 |       ||     1
Evoke: Wand              |       |       |       |     6 ||     6
  Use: Scroll            |     4 |     1 |    10 |     6 ||    21
       Potion            |       |     1 |     2 |     4 ||     7
 Stab: Sleeping          |     2 |       |     1 |       ||     3
       Invisible         |       |     1 |       |       ||     1
Armor: Robe              |     2 |       |       |       ||     2
       Leather armour    |    39 |    16 |       |       ||    55
       Scale mail        |       |    47 |       |       ||    47
       Chain mail        |       |    57 |   195 |       ||   252
       Ring mail         |       |       |    22 |   100 ||   122
Dodge: Dodged            |    79 |    98 |   103 |   138 ||   418
Block: Kite shield       |       |    30 |    30 |       ||    60
       Other             |       |       |       |    45 ||    45
       Reflection        |       |       |       |     2 ||     2

Table legend: (Time is in decaauts)
 A = Elapsed time spent in this place.
 B = Non-inter-level travel time spent in this place.
 C = Inter-level travel time spent in this place.
 D = Time resting spent in this place.
 E = Time spent auto-exploring this place.
 F = Levels seen in this place.
 G = Mean time per level.
                   A        B        C        D        E       F      G
               +--------+--------+--------+--------+--------+-----+--------+
         Total |  15981 |  15494 |    487 |   6060 |   5720 |  12 | 1331.8 |
       Dungeon |  14733 |  14246 |    487 |   5700 |   5247 |  10 | 1473.3 |
          Lair |   1248 |   1248 |      0 |    360 |    473 |   2 |  624.0 |
               +--------+--------+--------+--------+--------+-----+--------+

Top non-repeatable levels by time:
     D:4: 2862 daAuts
     D:9: 1908 daAuts
     D:1: 1868 daAuts
     D:6: 1433 daAuts
     D:8: 1372 daAuts
    D:10: 1191 daAuts
     D:3: 1149 daAuts
     D:5: 1060 daAuts
     D:2: 1016 daAuts
  Lair:1: 876 daAuts
     D:7: 870 daAuts
  Lair:2: 371 daAuts
